[ AOE2 MATCH · #467416042 ]
Team RMBritons vs Goths
[ REPLAY ANALYSIS · EXTRACTED FROM THE RECORDED GAME ]
Feudal
15:09
Castle
24:03
Imperial
36:30
| APM avg | 9.1 |
| APM peak | 24 |
| eAPM avg | 8.0 |
| Villagers / military | 145 / 152 |
Focus
⚔️ 23.1% · 🌾 76.9%
Spearman ×112 · Longbowman ×25 · Trebuchet (Packed) ×8 · Monk ×7 · Trade Cart ×5
Feudal
14:42
Castle
21:04
Imperial
39:21
| APM avg | 37.6 |
| APM peak | 130 |
| eAPM avg | 22.1 |
| Villagers / military | 84 / 210 |
Focus
⚔️ 34.4% · 🌾 65.6%
Spearman ×91 · Hand Cannoneer ×51 · Huskarl ×18 · Archer ×11 · Militia ×9 · Trade Cart ×8
Feudal
—
Castle
—
Imperial
—
| APM avg | 13.1 |
| APM peak | 41 |
| eAPM avg | 11.3 |
| Villagers / military | 85 / 200 |
Focus
⚔️ 44.9% · 🌾 55.1%
Serjeant ×185 · Spearman ×14 · Trade Cart ×13 · Monk ×1
Feudal
—
Castle
—
Imperial
—
| APM avg | 7.8 |
| APM peak | 18 |
| eAPM avg | 6.9 |
| Villagers / military | 91 / 337 |
Focus
⚔️ 27.7% · 🌾 72.3%
War Elephant ×245 · Cavalry Archer ×86 · Trade Cart ×30 · Trebuchet (Packed) ×6
Feudal
18:06
Castle
22:27
Imperial
36:18
| APM avg | 35.0 |
| APM peak | 112 |
| eAPM avg | 21.7 |
| Villagers / military | 100 / 281 |
Focus
⚔️ 21.9% · 🌾 78.1%
Spearman ×241 · Trade Cart ×45 · Hussite Wagon ×36 · Fishing Ship ×16 · Bombard Cannon ×4
Feudal
16:37
Castle
28:18
Imperial
37:54
| APM avg | 15.2 |
| APM peak | 47 |
| eAPM avg | 11.7 |
| Villagers / military | 125 / 123 |
Focus
⚔️ 37.5% · 🌾 62.5%
Centurion ×57 · Militia ×46 · Trade Cart ×25 · Trebuchet (Packed) ×12 · Fishing Ship ×10 · Battering Ram ×7
Feudal
15:50
Castle
32:44
Imperial
50:26
| APM avg | 24.6 |
| APM peak | 46 |
| eAPM avg | 13.1 |
| Villagers / military | 82 / 248 |
Focus
⚔️ 31.8% · 🌾 68.2%
Spearman ×118 · Militia ×65 · Huskarl ×37 · Fishing Ship ×35 · Trade Cart ×26 · Scorpion ×13
Feudal
14:52
Castle
29:24
Imperial
39:01
| APM avg | 24.4 |
| APM peak | 84 |
| eAPM avg | 13.0 |
| Villagers / military | 149 / 163 |
Focus
⚔️ 36.3% · 🌾 63.7%
Shrivamsha Rider ×88 · Chakram Thrower ×65 · Trade Cart ×12 · Trebuchet (Packed) ×8 · Fishing Ship ×3 · Demolition Raft ×2
Match map
Initial resources + every placement click. Lines = walls · curves = elevation contours. ◆ gold · ⬟ stone · ● berries · ✦ relic · ◌ wall gap
Your base· Open — opponent sealed themselves in
ten7728's base· ✓ Closed at 21:04 · 0t walls · no gate
Resid3nt Evil 3's base· Open — opponent sealed themselves in
Piet Pistool874's base· ✓ Closed at 18:16 · 0t walls · no gate
ksffvbh's base· ✓ Closed at 22:27 · 0t walls · fragile
lothal's base· ✓ Closed at 28:18 · 56t walls · 3 gate(s)
MsR money's base· ✓ Closed at 32:44 · 60t walls · no gate
aleee_026's base· Open — opponent sealed themselves in
Smoothed initial terrain · ◌ = detected wall gap · hover for details
Inputs per minute
— A P - - ten7728
Build order — A P
First 150 of 336 actions detected
| 0:04 | Build | House |
| 0:05 | Build | House |
| 0:06 | Create | Villager (Male) |
| 0:06 | Create | Villager (Male) |
| 0:07 | Create | Villager (Male) |
| 0:07 | Create | Villager (Male) |
| 0:07 | Create | Villager (Male) |
| 0:07 | Create | Villager (Male) |
| 0:08 | Create | Villager (Male) |
| 0:56 | Research | Loom |
| 1:54 | Create | Villager (Male) |
| 1:54 | Create | Villager (Male) |
| 2:48 | Create | Villager (Male) |
| 2:49 | Create | Villager (Male) |
| 2:49 | Create | Villager (Male) |
| 3:11 | Create | Villager (Male) |
| 3:12 | Create | Villager (Male) |
| 3:26 | Create | Villager (Male) |
| 3:27 | Create | Villager (Male) |
| 3:54 | Create | Villager (Male) |
| 3:54 | Create | Villager (Male) |
| 4:10 | Build | Mill |
| 4:19 | Create | Villager (Male) |
| 4:19 | Create | Villager (Male) |
| 4:52 | Create | Villager (Male) |
| 5:08 | Build | House |
| 5:41 | Create | Villager (Male) |
| 5:41 | Create | Villager (Male) |
| 6:10 | Create | Villager (Male) |
| 6:10 | Create | Villager (Male) |
| 6:27 | Create | Villager (Male) |
| 6:27 | Create | Villager (Male) |
| 6:53 | Create | Villager (Male) |
| 6:54 | Create | Villager (Male) |
| 7:28 | Build | House |
| 7:41 | Build | House |
| 7:43 | Create | Villager (Male) |
| 7:44 | Create | Villager (Male) |
| 8:04 | Build | Lumber Camp |
| 9:01 | Build | Farm |
| 9:51 | Build | Farm |
| 9:53 | Create | Villager (Male) |
| 10:13 | Create | Villager (Male) |
| 10:30 | Build | Mill |
| 10:46 | Create | Villager (Male) |
| 11:10 | Create | Villager (Male) |
| 11:16 | Build | Farm |
| 11:38 | Create | Villager (Male) |
| 11:45 | Build | Mining Camp |
| 12:05 | Create | Villager (Male) |
| 12:17 | Build | Mining Camp |
| 12:34 | Create | Villager (Male) |
| 12:42 | Build | House |
| 12:48 | Research | Feudal Age |
| 13:15 | Build | Farm |
| 13:57 | Build | Barracks |
| 14:45 | Build | Outpost |
| 15:09 | Age | Feudal Age |
| 15:20 | Build | Farm |
| 15:23 | Build | Farm |
| 15:25 | Build | Farm |
| 15:27 | Build | Farm |
| 15:33 | Build | Farm |
| 15:34 | Build | Farm |
| 15:42 | Research | Wheelbarrow |
| 15:43 | Research | Town Watch |
| 16:02 | Build | Watch Tower |
| 16:07 | Create | Spearman |
| 16:07 | Create | Spearman |
| 16:17 | Research | Double-Bit Axe |
| 16:23 | Research | Horse Collar |
| 16:30 | Build | Farm |
| 16:47 | Build | Mill |
| 16:52 | Build | Farm |
| 16:55 | Build | Farm |
| 17:17 | Build | Stone Wall |
| 17:31 | Research | Stone Mining |
| 17:33 | Research | Gold Mining |
| 17:34 | Create | Villager (Male) |
| 17:35 | Create | Villager (Male) |
| 17:35 | Create | Villager (Male) |
| 18:04 | Build | House |
| 18:32 | Build | Blacksmith |
| 18:42 | Create | Villager (Male) |
| 19:02 | Create | Villager (Male) |
| 19:35 | Build | Market |
| 19:42 | Create | Villager (Male) |
| 19:57 | Build | House |
| 20:05 | Create | Villager (Male) |
| 20:32 | Build | Outpost |
| 20:47 | Create | Villager (Male) |
| 21:04 | Build | House |
| 21:16 | Build | Outpost |
| 21:23 | Research | Castle Age |
| 22:34 | Create | Spearman |
| 22:35 | Create | Spearman |
| 24:03 | Age | Castle Age |
| 24:10 | Research | Hand Cart |
| 24:28 | Build | Town Center |
| 24:35 | Create | Villager (Male) |
| 24:35 | Create | Villager (Male) |
| 24:43 | Research | Gold Shaft Mining |
| 24:46 | Research | Heavy Plow |
| 25:03 | Build | Town Center |
| 25:15 | Create | Villager (Male) |
| 25:16 | Create | Villager (Male) |
| 25:20 | Research | Bow Saw |
| 25:36 | Create | Trade Cart |
| 25:36 | Create | Trade Cart |
| 26:02 | Create | Villager (Male) |
| 26:02 | Create | Villager (Male) |
| 26:04 | Create | Villager (Male) |
| 26:04 | Create | Villager (Male) |
| 26:15 | Create | Villager (Male) |
| 26:16 | Create | Villager (Male) |
| 26:41 | Build | Farm |
| 26:47 | Build | Farm |
| 26:50 | Create | Villager (Male) |
| 26:50 | Create | Villager (Male) |
| 26:50 | Create | Villager (Male) |
| 27:15 | Build | Castle |
| 27:22 | Create | Villager (Male) |
| 27:23 | Create | Villager (Male) |
| 27:32 | Build | University |
| 27:40 | Create | Villager (Male) |
| 27:40 | Create | Villager (Male) |
| 27:40 | Create | Villager (Male) |
| 27:59 | Build | Farm |
| 28:03 | Build | Farm |
| 28:05 | Create | Villager (Male) |
| 28:05 | Create | Villager (Male) |
| 28:05 | Create | Villager (Male) |
| 28:06 | Create | Villager (Male) |
| 28:07 | Create | Villager (Male) |
| 28:22 | Create | Villager (Male) |
| 28:45 | Build | Mining Camp |
| 28:52 | Build | House |
| 28:55 | Build | House |
| 28:59 | Build | House |
| 29:00 | Build | House |
| 29:12 | Build | Farm |
| 29:20 | Build | Farm |
| 29:22 | Create | Villager (Male) |
| 29:33 | Build | Farm |
| 29:37 | Create | Villager (Male) |
| 29:41 | Create | Villager (Male) |
| 29:42 | Create | Villager (Male) |
| 29:59 | Build | Farm |
| 30:09 | Create | Villager (Male) |
| 30:10 | Create | Villager (Male) |
Build order — ten7728
First 150 of 314 actions detected
| 0:40 | Create | Villager (Male) |
| 0:41 | Research | Loom |
| 0:41 | Create | Villager (Male) |
| 0:42 | Create | Villager (Male) |
| 0:46 | Build | House |
| 1:09 | Create | Villager (Male) |
| 1:09 | Create | Villager (Male) |
| 1:58 | Build | House |
| 2:25 | Build | Mill |
| 2:34 | Build | House |
| 2:41 | Create | Villager (Male) |
| 2:41 | Create | Villager (Male) |
| 2:57 | Create | Villager (Male) |
| 2:57 | Create | Villager (Male) |
| 3:14 | Build | House |
| 3:46 | Create | Villager (Male) |
| 3:58 | Build | House |
| 5:44 | Create | Villager (Male) ×4 |
| 6:05 | Build | Lumber Camp |
| 6:10 | Create | Villager (Male) |
| 6:10 | Create | Villager (Male) |
| 7:14 | Create | Villager (Male) |
| 7:14 | Create | Villager (Male) |
| 7:14 | Create | Villager (Male) |
| 7:15 | Create | Villager (Male) |
| 7:41 | Create | Villager (Male) |
| 7:41 | Create | Villager (Male) |
| 8:53 | Create | Villager (Male) |
| 8:53 | Create | Villager (Male) |
| 8:53 | Create | Villager (Male) |
| 9:04 | Build | Dock |
| 10:13 | Create | Fishing Ship |
| 10:26 | Create | Fishing Ship |
| 11:17 | Create | Villager (Male) |
| 11:17 | Create | Villager (Male) |
| 11:23 | Create | Villager (Male) |
| 12:29 | Research | Feudal Age |
| 12:49 | Build | Mining Camp |
| 13:07 | Build | Mining Camp |
| 13:21 | Build | House |
| 13:29 | Create | Villager (Male) |
| 14:42 | Age | Feudal Age |
| 14:57 | Create | Villager (Male) |
| 15:23 | Build | Mill |
| 15:29 | Create | Villager (Male) |
| 15:34 | Build | Blacksmith |
| 15:42 | Create | Villager (Male) |
| 16:15 | Build | House |
| 16:30 | Build | House |
| 16:31 | Build | House |
| 16:39 | Create | Villager (Male) |
| 16:39 | Create | Villager (Male) |
| 16:55 | Create | Villager (Male) |
| 17:30 | Build | Market |
| 17:48 | Build | Farm |
| 18:06 | Build | Farm |
| 18:24 | Research | Castle Age |
| 18:24 | Research | Castle Age |
| 18:29 | Build | Farm |
| 18:53 | Research | Double-Bit Axe |
| 18:53 | Research | Double-Bit Axe |
| 19:57 | Build | Barracks |
| 20:14 | Research | Horse Collar |
| 20:14 | Research | Horse Collar |
| 20:21 | Create | Fishing Ship |
| 20:21 | Create | Fishing Ship |
| 20:30 | Create | Villager (Male) |
| 21:04 | Age | Castle Age |
| 21:12 | Build | Town Center |
| 21:20 | Build | Town Center |
| 21:37 | Build | Town Center |
| 21:45 | Create | Villager (Male) |
| 21:45 | Create | Villager (Male) |
| 22:08 | Build | Monastery |
| 22:11 | Create | Villager (Male) |
| 22:11 | Create | Villager (Male) |
| 22:13 | Create | Villager (Male) |
| 22:13 | Create | Villager (Male) |
| 22:27 | Create | Militia |
| 22:28 | Create | Spearman |
| 22:41 | Build | Palisade Wall |
| 22:48 | Create | Villager (Male) ×5 |
| 22:52 | Build | Fish Trap |
| 23:01 | Create | Villager (Male) |
| 23:03 | Research | Bow Saw |
| 23:03 | Research | Bow Saw |
| 23:05 | Create | Villager (Male) |
| 24:02 | Build | Archery Range |
| 24:09 | Build | Archery Range |
| 24:19 | Create | Villager (Male) ×5 |
| 24:24 | Build | Fish Trap |
| 24:26 | Build | Fish Trap |
| 24:29 | Build | Fish Trap |
| 24:34 | Research | Horse Collar |
| 24:34 | Research | Horse Collar |
| 24:41 | Create | Monk |
| 24:45 | Build | Farm |
| 24:54 | Build | Farm |
| 24:55 | Build | Farm |
| 24:58 | Build | Farm |
| 25:03 | Create | Archer |
| 25:03 | Create | Skirmisher |
| 25:04 | Create | Cavalry Archer |
| 25:27 | Build | House |
| 25:29 | Build | House |
| 25:30 | Build | House |
| 25:31 | Build | House |
| 25:52 | Research | Town Watch |
| 27:03 | Research | Stone Mining |
| 27:03 | Research | Stone Mining |
| 27:09 | Build | Farm |
| 27:11 | Build | Farm |
| 27:19 | Build | Farm |
| 27:21 | Build | Farm |
| 27:25 | Build | Farm |
| 27:28 | Build | Farm |
| 27:30 | Build | Farm |
| 27:58 | Build | Town Center |
| 28:14 | Create | Monk |
| 28:34 | Research | Fletching |
| 28:50 | Build | House |
| 28:51 | Build | House |
| 28:58 | Research | Wheelbarrow |
| 29:54 | Build | Castle |
| 30:08 | Create | Archer |
| 30:08 | Create | Skirmisher |
| 30:08 | Create | Cavalry Archer |
| 30:25 | Create | Archer |
| 30:25 | Create | Skirmisher |
| 30:26 | Create | Cavalry Archer |
| 30:39 | Build | Palisade Wall |
| 30:50 | Create | Archer ×5 |
| 31:20 | Build | University |
| 31:32 | Research | Bodkin Arrow |
| 31:32 | Research | Bodkin Arrow |
| 32:05 | Create | Archer |
| 32:05 | Create | Skirmisher |
| 32:23 | Create | Villager (Male) ×5 |
| 33:14 | Build | Farm |
| 33:17 | Create | Villager (Male) ×5 |
| 33:31 | Build | Siege Workshop |
| 33:46 | Build | Archery Range |
| 34:09 | Research | Gold Mining |
| 34:10 | Research | Gold Mining |
| 34:33 | Build | Town Center |
| 35:35 | Create | Cavalry Archer |
| 35:36 | Create | Skirmisher |
| 35:37 | Create | Archer |
| 35:57 | Build | Palisade Wall |
| 36:04 | Build | Palisade Wall |
Build order — Resid3nt Evil 3
First 150 of 448 actions detected
| 0:05 | Build | House |
| 0:06 | Build | House |
| 0:07 | Build | House |
| 0:17 | Research | Loom |
| 0:17 | Create | Villager (Male) |
| 0:17 | Create | Villager (Male) |
| 0:18 | Create | Villager (Male) |
| 0:18 | Create | Villager (Male) |
| 2:56 | Create | Villager (Male) |
| 3:17 | Build | Donjon |
| 3:25 | Create | Villager (Male) |
| 3:37 | Build | Lumber Camp |
| 3:52 | Create | Villager (Male) |
| 4:31 | Create | Villager (Male) |
| 4:47 | Create | Villager (Male) |
| 5:20 | Create | Villager (Male) |
| 5:35 | Create | Villager (Male) |
| 6:03 | Create | Villager (Male) |
| 6:18 | Create | Villager (Male) |
| 6:31 | Create | Villager (Male) |
| 6:48 | Create | Villager (Male) |
| 7:19 | Build | Palisade Wall |
| 7:35 | Build | Mill |
| 7:39 | Create | Villager (Male) |
| 8:46 | Create | Villager (Male) |
| 9:13 | Build | House |
| 9:14 | Build | House |
| 9:15 | Build | House |
| 9:36 | Build | Palisade Gate |
| 9:52 | Build | Mining Camp |
| 10:14 | Research | Feudal Age |
| 10:48 | Build | Mining Camp |
| 11:26 | Create | Villager (Male) |
| 11:27 | Create | Villager (Male) |
| 11:36 | Create | Villager (Male) |
| 12:04 | Build | House |
| 12:05 | Build | House |
| 12:06 | Build | House |
| 12:07 | Build | House |
| 12:12 | Build | Farm |
| 12:39 | Build | Donjon |
| 13:28 | Create | Villager (Male) |
| 14:04 | Build | Mining Camp |
| 14:17 | Create | Serjeant |
| 14:30 | Create | Spearman |
| 14:57 | Create | Villager (Male) |
| 15:23 | Create | Serjeant |
| 15:47 | Build | Stone Wall |
| 15:59 | Build | Gate |
| 16:13 | Create | Villager (Male) |
| 16:22 | Create | Villager (Male) |
| 16:42 | Create | Serjeant |
| 16:48 | Build | Farm |
| 17:20 | Build | Farm |
| 17:22 | Create | Villager (Male) |
| 17:45 | Build | Donjon |
| 17:50 | Create | Spearman |
| 18:05 | Build | Farm |
| 18:31 | Create | Serjeant |
| 18:45 | Create | Villager (Male) |
| 18:54 | Create | Serjeant |
| 19:11 | Create | Villager (Male) |
| 20:16 | Create | Spearman |
| 20:17 | Create | Spearman |
| 20:23 | Create | Serjeant |
| 20:35 | Build | Farm |
| 20:38 | Create | Villager (Male) |
| 20:39 | Create | Villager (Male) |
| 20:55 | Build | Donjon |
| 21:01 | Create | Spearman |
| 21:16 | Build | House |
| 21:16 | Build | House |
| 21:17 | Build | House |
| 21:17 | Build | House |
| 21:18 | Build | House |
| 21:19 | Build | House |
| 21:20 | Build | House |
| 21:21 | Build | House |
| 21:25 | Create | Villager (Male) |
| 21:32 | Build | Farm |
| 21:39 | Create | Spearman |
| 21:52 | Build | Donjon |
| 22:59 | Create | Serjeant |
| 23:04 | Create | Serjeant |
| 23:28 | Create | Serjeant |
| 23:32 | Create | Serjeant |
| 23:37 | Build | Farm |
| 23:41 | Research | Horse Collar |
| 23:44 | Create | Villager (Male) |
| 23:45 | Create | Villager (Male) |
| 24:10 | Create | Serjeant |
| 24:23 | Create | Serjeant |
| 24:45 | Build | Donjon |
| 24:50 | Create | Serjeant |
| 24:54 | Create | Serjeant |
| 25:00 | Build | Farm |
| 25:02 | Build | Farm |
| 25:05 | Research | Town Watch |
| 25:28 | Build | Market |
| 25:31 | Build | Blacksmith |
| 25:35 | Create | Villager (Male) |
| 25:49 | Create | Serjeant |
| 25:55 | Create | Spearman |
| 26:20 | Build | Farm |
| 26:25 | Build | Farm |
| 26:29 | Create | Villager (Male) |
| 26:30 | Create | Villager (Male) |
| 26:41 | Build | Donjon |
| 26:46 | Create | Serjeant |
| 26:47 | Create | Spearman |
| 27:40 | Build | Donjon |
| 27:44 | Create | Serjeant |
| 27:45 | Create | Spearman |
| 27:52 | Create | Serjeant |
| 28:11 | Research | Scale Mail Armor |
| 28:14 | Build | Farm |
| 28:16 | Build | Farm |
| 28:23 | Create | Villager (Male) |
| 28:25 | Create | Villager (Male) |
| 28:38 | Build | Donjon |
| 28:42 | Create | Spearman |
| 28:43 | Create | Serjeant |
| 28:49 | Create | Serjeant |
| 28:59 | Create | Serjeant |
| 29:32 | Build | Donjon |
| 29:54 | Create | Spearman |
| 29:55 | Create | Serjeant |
| 31:19 | Create | Serjeant |
| 31:20 | Create | Serjeant |
| 31:20 | Create | Serjeant |
| 31:20 | Create | Serjeant |
| 31:21 | Create | Serjeant |
| 31:21 | Create | Serjeant |
| 31:50 | Build | Donjon |
| 32:20 | Create | Serjeant |
| 32:20 | Create | Serjeant |
| 32:21 | Create | Serjeant |
| 32:21 | Create | Serjeant |
| 32:21 | Create | Serjeant |
| 32:43 | Create | Serjeant |
| 32:44 | Create | Serjeant |
| 32:47 | Create | Serjeant |
| 32:47 | Create | Serjeant |
| 32:51 | Create | Serjeant |
| 32:51 | Create | Serjeant |
| 33:02 | Build | Farm |
| 33:07 | Build | Farm |
| 33:09 | Build | Farm |
| 33:11 | Build | Farm |
| 33:14 | Build | Farm |
Build order — Piet Pistool874
First 150 of 306 actions detected
| 0:01 | Create | Villager (Male) |
| 0:03 | Build | House |
| 0:05 | Build | House |
| 0:07 | Build | House |
| 0:43 | Create | Villager (Male) ×4 |
| 0:43 | Create | Villager (Male) |
| 1:54 | Create | Villager (Male) |
| 2:38 | Create | Villager (Male) |
| 3:28 | Build | Mill |
| 3:31 | Create | Villager (Male) |
| 3:31 | Create | Villager (Male) |
| 3:37 | Create | Villager (Male) |
| 4:27 | Create | Villager (Male) |
| 4:51 | Create | Villager (Male) |
| 5:27 | Create | Villager (Male) |
| 5:43 | Build | Lumber Camp |
| 6:07 | Create | Villager (Male) |
| 6:07 | Create | Villager (Male) |
| 6:26 | Build | Mill |
| 6:52 | Research | Loom |
| 8:04 | Create | Villager (Male) |
| 8:06 | Create | Villager (Male) |
| 8:32 | Build | House |
| 8:38 | Build | House |
| 8:40 | Build | House |
| 8:45 | Build | House |
| 9:13 | Research | Feudal Age |
| 11:17 | Research | Horse Collar |
| 11:21 | Create | Villager (Male) |
| 11:22 | Create | Villager (Male) |
| 11:22 | Create | Villager (Male) |
| 11:41 | Research | Double-Bit Axe |
| 11:49 | Build | Farm |
| 11:54 | Build | Farm |
| 11:56 | Build | Farm |
| 11:59 | Build | Farm |
| 12:01 | Build | Farm |
| 12:03 | Build | Farm |
| 12:07 | Build | Farm |
| 12:08 | Build | Farm |
| 12:28 | Create | Villager (Male) |
| 12:28 | Create | Villager (Male) |
| 12:43 | Research | Wheelbarrow |
| 13:09 | Create | Villager (Male) |
| 13:10 | Create | Villager (Male) |
| 14:38 | Create | Villager (Male) |
| 14:50 | Create | Villager (Male) |
| 14:51 | Create | Villager (Male) |
| 15:14 | Build | Mining Camp |
| 15:32 | Build | Farm |
| 15:34 | Build | Farm |
| 15:35 | Build | Farm |
| 15:37 | Build | Farm |
| 15:40 | Build | Farm |
| 15:41 | Build | Farm |
| 15:44 | Build | Farm |
| 15:49 | Create | Villager (Male) |
| 16:07 | Build | Market |
| 16:17 | Build | Mining Camp |
| 16:20 | Create | Villager (Male) |
| 16:43 | Create | Villager (Male) |
| 16:44 | Create | Villager (Male) |
| 16:50 | Build | Farm |
| 17:34 | Build | Blacksmith |
| 17:44 | Create | Villager (Male) |
| 18:16 | Research | Castle Age |
| 18:44 | Research | Gold Mining |
| 18:45 | Research | Stone Mining |
| 19:05 | Create | Trade Cart |
| 19:06 | Create | Trade Cart |
| 19:34 | Create | Villager (Male) |
| 19:34 | Create | Villager (Male) |
| 20:01 | Create | Trade Cart |
| 20:46 | Build | Town Center |
| 20:54 | Create | Villager (Male) |
| 20:59 | Research | Bow Saw |
| 21:06 | Research | Heavy Plow |
| 21:17 | Create | Villager (Male) |
| 21:19 | Create | Villager (Male) |
| 21:28 | Create | Villager (Male) |
| 21:29 | Create | Villager (Male) |
| 21:36 | Build | House |
| 21:40 | Build | House |
| 21:44 | Build | House |
| 21:48 | Build | House |
| 22:00 | Build | House |
| 22:05 | Build | House |
| 22:11 | Build | Farm |
| 22:13 | Create | Villager (Male) |
| 22:13 | Create | Villager (Male) |
| 22:19 | Build | Farm |
| 22:35 | Create | Villager (Male) |
| 22:36 | Create | Villager (Male) |
| 22:43 | Build | Farm |
| 23:09 | Build | Town Center |
| 23:15 | Create | Villager (Male) |
| 23:20 | Create | Villager (Male) |
| 23:21 | Create | Villager (Male) |
| 23:25 | Build | Farm |
| 23:27 | Create | Villager (Male) |
| 23:49 | Build | Farm |
| 24:01 | Create | Villager (Male) |
| 24:09 | Build | Farm |
| 24:12 | Create | Villager (Male) |
| 24:13 | Create | Villager (Male) |
| 24:19 | Build | Farm |
| 24:21 | Create | Villager (Male) |
| 24:40 | Build | Farm |
| 24:42 | Create | Villager (Male) |
| 24:47 | Create | Villager (Male) |
| 24:48 | Create | Villager (Male) |
| 25:04 | Build | Farm |
| 25:12 | Create | Villager (Male) |
| 25:12 | Create | Villager (Male) |
| 25:17 | Create | Villager (Male) |
| 25:17 | Create | Villager (Male) |
| 25:27 | Create | Villager (Male) |
| 25:27 | Create | Villager (Male) |
| 25:28 | Create | Villager (Male) |
| 25:35 | Build | Farm |
| 25:50 | Build | University |
| 26:04 | Create | Villager (Male) |
| 26:04 | Create | Villager (Male) |
| 26:07 | Create | Villager (Male) |
| 26:07 | Create | Villager (Male) |
| 26:09 | Create | Villager (Male) |
| 26:09 | Create | Villager (Male) |
| 26:34 | Build | Farm |
| 26:42 | Research | Caravan |
| 26:44 | Create | Trade Cart ×3 |
| 26:49 | Create | Trade Cart ×3 |
| 27:02 | Build | Farm |
| 27:15 | Research | Scale Barding Armor |
| 27:34 | Build | Castle |
| 27:38 | Create | Villager (Male) |
| 27:38 | Create | Villager (Male) |
| 27:39 | Create | Villager (Male) |
| 27:39 | Create | Villager (Male) |
| 27:40 | Create | Villager (Male) |
| 27:40 | Create | Villager (Male) |
| 28:07 | Build | Farm |
| 28:15 | Build | Farm |
| 28:19 | Build | House |
| 28:23 | Build | House |
| 28:24 | Build | House |
| 28:27 | Build | House |
| 28:31 | Build | House |
| 28:33 | Build | House |
| 28:41 | Build | Mining Camp |
| 28:46 | Build | Farm |
Build order — ksffvbh
First 150 of 526 actions detected
| 0:03 | Research | Loom |
| 0:19 | Build | House |
| 0:21 | Build | House |
| 0:23 | Build | House |
| 0:33 | Create | Villager (Male) |
| 0:34 | Create | Villager (Male) |
| 0:34 | Create | Villager (Male) |
| 0:34 | Create | Villager (Male) |
| 0:34 | Create | Villager (Male) |
| 0:35 | Create | Villager (Male) |
| 2:17 | Create | Villager (Male) |
| 2:17 | Create | Villager (Male) |
| 2:32 | Build | House |
| 2:33 | Build | House |
| 2:35 | Build | House |
| 2:41 | Create | Villager (Male) |
| 2:41 | Create | Villager (Male) |
| 3:03 | Create | Villager (Male) |
| 3:28 | Create | Villager (Male) |
| 3:28 | Create | Villager (Male) |
| 4:02 | Create | Villager (Male) |
| 4:15 | Build | House |
| 4:17 | Build | House |
| 4:18 | Create | Villager (Male) |
| 4:18 | Create | Villager (Male) |
| 4:43 | Create | Villager (Male) |
| 4:43 | Create | Villager (Male) |
| 5:25 | Create | Villager (Male) |
| 5:55 | Build | Mill |
| 5:57 | Create | Villager (Male) |
| 5:57 | Create | Villager (Male) |
| 6:46 | Create | Villager (Male) |
| 6:46 | Create | Villager (Male) |
| 6:46 | Create | Villager (Male) |
| 7:24 | Create | Villager (Male) |
| 7:24 | Create | Villager (Male) |
| 7:24 | Create | Villager (Male) |
| 7:51 | Create | Villager (Male) |
| 7:51 | Create | Villager (Male) |
| 8:14 | Build | Lumber Camp |
| 8:28 | Create | Villager (Male) |
| 8:28 | Create | Villager (Male) |
| 8:45 | Build | Lumber Camp |
| 9:17 | Create | Villager (Male) |
| 9:17 | Create | Villager (Male) |
| 9:17 | Create | Villager (Male) |
| 9:18 | Create | Villager (Male) |
| 9:18 | Create | Villager (Male) |
| 9:18 | Create | Villager (Male) |
| 9:33 | Create | Villager (Male) |
| 9:57 | Create | Villager (Male) |
| 9:58 | Create | Villager (Male) |
| 10:15 | Create | Villager (Male) |
| 10:38 | Build | Dock |
| 10:41 | Create | Villager (Male) |
| 10:41 | Create | Villager (Male) |
| 11:34 | Build | House |
| 11:35 | Build | House |
| 11:36 | Create | Villager (Male) |
| 11:39 | Create | Villager (Male) |
| 11:39 | Create | Villager (Male) |
| 11:44 | Create | Villager (Male) |
| 11:45 | Create | Villager (Male) |
| 11:45 | Create | Villager (Male) |
| 11:45 | Create | Villager (Male) |
| 11:46 | Create | Villager (Male) |
| 12:19 | Create | Villager (Male) |
| 12:19 | Create | Villager (Male) |
| 12:19 | Create | Villager (Male) |
| 12:20 | Create | Villager (Male) |
| 12:23 | Build | Farm |
| 12:24 | Build | Farm |
| 12:25 | Build | Farm |
| 12:29 | Build | Farm |
| 12:31 | Build | Farm |
| 12:32 | Build | Farm |
| 12:37 | Build | Farm |
| 13:09 | Build | Mining Camp |
| 13:22 | Create | Fishing Ship |
| 13:22 | Create | Fishing Ship |
| 14:21 | Build | Mining Camp |
| 14:26 | Create | Fishing Ship |
| 15:37 | Build | Barracks |
| 15:43 | Research | Feudal Age |
| 15:51 | Create | Fishing Ship |
| 15:51 | Create | Fishing Ship |
| 17:09 | Create | Fishing Ship |
| 17:43 | Create | Fishing Ship |
| 18:06 | Age | Feudal Age |
| 18:11 | Build | Blacksmith |
| 18:24 | Build | Market |
| 18:32 | Research | Wheelbarrow |
| 18:35 | Research | Horse Collar |
| 18:48 | Research | Double-Bit Axe |
| 19:05 | Build | Lumber Camp |
| 19:28 | Research | Castle Age |
| 19:41 | Build | Market |
| 19:45 | Create | Trade Cart |
| 19:45 | Create | Trade Cart |
| 20:50 | Build | Lumber Camp |
| 21:10 | Build | Fish Trap |
| 21:20 | Build | Fish Trap |
| 21:26 | Build | Fish Trap |
| 21:31 | Build | Fish Trap |
| 21:35 | Build | Fish Trap |
| 21:39 | Build | Fish Trap |
| 21:42 | Build | Fish Trap |
| 22:27 | Age | Castle Age |
| 22:41 | Build | Town Center |
| 22:49 | Research | Caravan |
| 23:03 | Research | Tech 906 |
| 23:32 | Build | Town Center |
| 23:35 | Research | Hand Cart |
| 24:13 | Research | Gillnets |
| 24:18 | Research | Bow Saw |
| 24:21 | Research | Heavy Plow |
| 24:35 | Research | Town Watch |
| 24:39 | Create | Villager (Male) |
| 24:39 | Create | Villager (Male) |
| 24:40 | Create | Villager (Male) |
| 24:40 | Create | Villager (Male) |
| 24:54 | Create | Trade Cart |
| 24:54 | Create | Trade Cart |
| 24:55 | Create | Trade Cart |
| 24:55 | Create | Trade Cart |
| 25:39 | Research | Town Patrol |
| 25:54 | Build | Town Center |
| 26:26 | Create | Fishing Ship |
| 26:26 | Create | Fishing Ship |
| 26:44 | Create | Trade Cart |
| 26:44 | Create | Trade Cart |
| 26:45 | Create | Trade Cart |
| 26:45 | Create | Trade Cart |
| 26:45 | Create | Trade Cart |
| 26:45 | Create | Trade Cart |
| 26:46 | Create | Trade Cart |
| 26:46 | Create | Trade Cart |
| 26:46 | Create | Trade Cart |
| 26:46 | Create | Trade Cart |
| 27:07 | Create | Villager (Male) |
| 27:07 | Create | Villager (Male) |
| 27:07 | Create | Villager (Male) |
| 27:08 | Create | Villager (Male) |
| 27:08 | Create | Villager (Male) |
| 27:19 | Create | Villager (Male) |
| 27:20 | Create | Villager (Male) |
| 27:20 | Create | Villager (Male) |
| 27:38 | Build | House |
| 27:39 | Build | House |
| 27:40 | Build | House |
Build order — lothal
First 150 of 482 actions detected
| 0:09 | Research | Loom |
| 0:10 | Create | Villager (Male) |
| 0:10 | Create | Villager (Male) |
| 0:11 | Create | Villager (Male) |
| 0:11 | Create | Villager (Male) |
| 0:11 | Create | Villager (Male) |
| 0:37 | Build | House |
| 1:27 | Build | Palisade Wall |
| 2:06 | Build | Palisade Gate |
| 3:53 | Build | House |
| 4:20 | Build | House |
| 4:22 | Build | House |
| 4:23 | Build | House |
| 5:44 | Build | House |
| 5:52 | Build | Palisade Wall |
| 7:16 | Create | Villager (Male) |
| 7:17 | Create | Villager (Male) |
| 7:17 | Create | Villager (Male) |
| 7:17 | Create | Villager (Male) |
| 7:18 | Create | Villager (Male) |
| 7:53 | Create | Villager (Male) |
| 7:54 | Create | Villager (Male) |
| 8:26 | Create | Villager (Male) |
| 8:26 | Create | Villager (Male) |
| 9:02 | Create | Villager (Male) |
| 9:02 | Create | Villager (Male) |
| 9:11 | Create | Villager (Male) |
| 9:11 | Create | Villager (Male) |
| 9:13 | Create | Villager (Male) |
| 9:13 | Create | Villager (Male) |
| 9:41 | Create | Villager (Male) |
| 9:41 | Create | Villager (Male) |
| 9:41 | Create | Villager (Male) |
| 9:50 | Create | Villager (Male) |
| 9:50 | Create | Villager (Male) |
| 10:02 | Create | Villager (Male) |
| 10:02 | Create | Villager (Male) |
| 10:22 | Create | Villager (Male) |
| 10:23 | Create | Villager (Male) |
| 10:23 | Create | Villager (Male) |
| 10:58 | Create | Villager (Male) |
| 10:58 | Create | Villager (Male) |
| 11:16 | Create | Villager (Male) |
| 11:16 | Create | Villager (Male) |
| 11:42 | Build | Mill |
| 12:57 | Build | Lumber Camp |
| 13:13 | Build | Lumber Camp |
| 14:27 | Research | Feudal Age |
| 15:09 | Build | House |
| 15:11 | Build | House |
| 15:14 | Build | House |
| 16:37 | Age | Feudal Age |
| 16:41 | Research | Double-Bit Axe |
| 16:46 | Create | Villager (Male) |
| 16:47 | Create | Villager (Male) |
| 16:47 | Create | Villager (Male) |
| 16:47 | Create | Villager (Male) |
| 16:48 | Create | Villager (Male) |
| 17:44 | Create | Villager (Male) |
| 17:44 | Create | Villager (Male) |
| 18:58 | Build | Mining Camp |
| 19:01 | Create | Villager (Male) |
| 19:02 | Create | Villager (Male) |
| 19:20 | Create | Villager (Male) |
| 19:56 | Build | Market |
| 20:13 | Research | Horse Collar |
| 20:27 | Create | Villager (Male) |
| 20:27 | Create | Villager (Male) |
| 20:50 | Build | Mill |
| 21:11 | Create | Villager (Male) |
| 21:11 | Create | Villager (Male) |
| 21:23 | Build | Stone Wall |
| 21:31 | Build | Stone Wall |
| 21:35 | Build | Gate |
| 21:51 | Build | Blacksmith |
| 22:34 | Create | Villager (Male) |
| 22:35 | Create | Villager (Male) |
| 22:35 | Create | Villager (Male) |
| 22:36 | Create | Villager (Male) |
| 22:43 | Build | Mining Camp |
| 23:08 | Build | Stone Wall |
| 23:15 | Build | Gate |
| 23:33 | Build | House |
| 23:34 | Build | House |
| 23:35 | Build | House |
| 23:38 | Build | House |
| 23:40 | Build | House |
| 24:34 | Build | Dock |
| 25:31 | Create | Fishing Ship |
| 25:31 | Create | Fishing Ship |
| 25:32 | Create | Fishing Ship |
| 25:33 | Create | Fishing Ship |
| 25:33 | Create | Fishing Ship |
| 25:38 | Research | Castle Age |
| 25:48 | Build | Farm |
| 25:50 | Build | Farm |
| 25:52 | Build | Farm |
| 25:55 | Build | Farm |
| 25:57 | Build | Farm |
| 25:59 | Build | Farm |
| 26:00 | Build | Farm |
| 26:04 | Build | Farm |
| 26:05 | Build | Farm |
| 26:08 | Build | Farm |
| 26:32 | Build | Stone Wall |
| 27:20 | Build | House |
| 27:21 | Build | House |
| 27:22 | Build | House |
| 28:18 | Age | Castle Age |
| 28:36 | Research | Bow Saw |
| 28:39 | Research | Heavy Plow |
| 28:55 | Build | Town Center |
| 29:13 | Build | University |
| 30:21 | Build | Town Center |
| 30:29 | Build | Town Center |
| 30:43 | Build | Monastery |
| 30:55 | Create | Villager (Male) |
| 30:55 | Create | Villager (Male) |
| 30:55 | Create | Villager (Male) |
| 30:56 | Create | Villager (Male) |
| 30:57 | Create | Villager (Male) |
| 31:55 | Build | Mining Camp |
| 32:44 | Build | House |
| 32:46 | Build | House |
| 32:48 | Create | Monk |
| 33:02 | Build | Castle |
| 33:12 | Build | Fish Trap |
| 33:16 | Build | Fish Trap |
| 33:37 | Create | Villager (Male) |
| 33:37 | Create | Villager (Male) |
| 33:38 | Create | Villager (Male) |
| 33:38 | Create | Villager (Male) |
| 33:39 | Create | Villager (Male) |
| 33:40 | Create | Villager (Male) |
| 33:40 | Create | Villager (Male) |
| 34:04 | Build | House |
| 34:05 | Build | House |
| 34:07 | Build | House |
| 34:09 | Build | House |
| 34:10 | Build | House |
| 34:11 | Build | House |
| 34:14 | Build | House |
| 34:15 | Build | House |
| 34:17 | Build | House |
| 34:44 | Research | Imperial Age |
| 35:06 | Build | Market |
| 35:20 | Research | Gold Mining |
| 35:23 | Research | Stone Mining |
| 36:12 | Create | Villager (Male) |
| 36:25 | Build | Fish Trap |
Build order — MsR money
First 150 of 379 actions detected
| 0:07 | Build | House |
| 0:10 | Research | Loom |
| 0:11 | Create | Villager (Male) |
| 0:11 | Create | Villager (Male) |
| 0:11 | Create | Villager (Male) |
| 0:12 | Create | Villager (Male) |
| 0:43 | Build | Palisade Wall |
| 1:09 | Build | Palisade Wall |
| 2:19 | Build | House |
| 2:23 | Create | Villager (Male) |
| 2:24 | Create | Villager (Male) |
| 2:39 | Build | House |
| 2:59 | Build | House |
| 3:03 | Build | House |
| 3:07 | Create | Villager (Male) |
| 3:08 | Create | Villager (Male) |
| 3:08 | Create | Villager (Male) |
| 4:12 | Build | House |
| 4:17 | Create | Villager (Male) |
| 4:17 | Create | Villager (Male) |
| 4:18 | Create | Villager (Male) |
| 5:08 | Build | Palisade Wall |
| 5:12 | Create | Villager (Male) |
| 5:12 | Create | Villager (Male) |
| 5:13 | Create | Villager (Male) |
| 5:51 | Create | Villager (Male) |
| 5:51 | Create | Villager (Male) |
| 6:27 | Build | Palisade Wall |
| 6:33 | Create | Villager (Male) |
| 6:33 | Create | Villager (Male) |
| 6:33 | Create | Villager (Male) |
| 7:42 | Create | Villager (Male) |
| 7:43 | Create | Villager (Male) |
| 7:43 | Create | Villager (Male) |
| 7:51 | Build | Dock |
| 8:06 | Build | Palisade Wall |
| 8:29 | Build | Palisade Wall |
| 8:49 | Build | Lumber Camp |
| 9:10 | Build | House |
| 9:30 | Create | Villager (Male) |
| 9:30 | Create | Villager (Male) |
| 9:31 | Create | Villager (Male) |
| 9:31 | Create | Villager (Male) |
| 9:31 | Create | Villager (Male) |
| 9:36 | Create | Fishing Ship |
| 9:36 | Create | Fishing Ship |
| 10:26 | Build | Mill |
| 10:30 | Create | Fishing Ship |
| 10:30 | Create | Fishing Ship |
| 10:31 | Create | Fishing Ship |
| 10:32 | Create | Villager (Male) |
| 10:32 | Create | Villager (Male) |
| 10:33 | Create | Villager (Male) |
| 11:18 | Build | Mining Camp |
| 11:25 | Create | Villager (Male) |
| 11:31 | Create | Fishing Ship |
| 11:31 | Create | Fishing Ship |
| 11:31 | Create | Fishing Ship |
| 12:13 | Create | Villager (Male) |
| 12:23 | Create | Fishing Ship |
| 12:23 | Create | Fishing Ship |
| 12:23 | Create | Fishing Ship |
| 13:40 | Research | Feudal Age |
| 15:03 | Build | Barracks |
| 15:25 | Create | Fishing Ship |
| 15:25 | Create | Fishing Ship |
| 15:50 | Age | Feudal Age |
| 16:06 | Build | Archery Range |
| 16:09 | Research | Man-at-Arms (upgrade) |
| 16:10 | Create | Militia |
| 16:10 | Create | Militia |
| 16:10 | Create | Militia |
| 16:14 | Create | Villager (Male) |
| 16:15 | Create | Villager (Male) |
| 16:15 | Create | Villager (Male) |
| 16:23 | Build | House |
| 16:25 | Build | House |
| 16:27 | Build | House |
| 16:28 | Build | House |
| 16:34 | Create | Skirmisher |
| 16:34 | Create | Skirmisher |
| 16:40 | Research | Double-Bit Axe |
| 16:54 | Build | Barracks |
| 17:03 | Create | Villager (Male) |
| 17:03 | Create | Villager (Male) |
| 17:03 | Create | Villager (Male) |
| 17:03 | Create | Villager (Male) |
| 17:26 | Create | Archer |
| 17:42 | Build | Fish Trap |
| 17:47 | Build | Fish Trap |
| 17:48 | Build | Fish Trap |
| 18:01 | Create | Militia |
| 18:01 | Create | Militia |
| 18:47 | Build | Fish Trap |
| 18:48 | Build | Fish Trap |
| 18:49 | Build | Fish Trap |
| 19:21 | Build | Fish Trap |
| 19:55 | Create | Militia |
| 19:55 | Create | Militia |
| 19:56 | Create | Militia |
| 20:39 | Create | Fishing Ship |
| 20:39 | Create | Fishing Ship |
| 20:40 | Create | Fishing Ship |
| 20:40 | Create | Fishing Ship |
| 20:40 | Create | Fishing Ship |
| 20:52 | Create | Militia |
| 20:52 | Create | Militia |
| 21:18 | Build | Watch Tower |
| 21:33 | Build | Fish Trap |
| 21:39 | Build | Fish Trap |
| 22:40 | Create | Militia |
| 22:40 | Create | Militia |
| 22:40 | Create | Militia |
| 23:15 | Create | Militia |
| 23:15 | Create | Militia |
| 23:20 | Create | Villager (Male) |
| 23:20 | Create | Villager (Male) |
| 23:20 | Create | Villager (Male) |
| 23:21 | Create | Villager (Male) |
| 23:51 | Create | Militia ×2 |
| 23:51 | Create | Militia ×2 |
| 24:10 | Create | Villager (Male) |
| 24:10 | Create | Villager (Male) |
| 25:00 | Build | Fish Trap |
| 25:02 | Build | Fish Trap |
| 25:03 | Build | Fish Trap |
| 25:04 | Build | Fish Trap |
| 25:25 | Research | Wheelbarrow |
| 25:39 | Build | Mill |
| 25:46 | Build | Farm |
| 25:48 | Build | Farm |
| 25:48 | Build | Farm |
| 25:50 | Build | Farm |
| 25:51 | Build | Farm |
| 25:53 | Build | Farm |
| 26:17 | Build | Farm |
| 26:29 | Build | Fish Trap |
| 26:35 | Create | Fishing Ship |
| 26:35 | Create | Fishing Ship |
| 26:45 | Build | House |
| 26:46 | Build | House |
| 26:49 | Build | House |
| 27:32 | Build | Lumber Camp |
| 27:46 | Build | Fish Trap |
| 27:57 | Build | Market |
| 28:00 | Build | Blacksmith |
| 28:21 | Build | Farm |
| 28:34 | Build | Fish Trap |
| 28:59 | Create | Militia |
| 28:59 | Create | Militia |
Build order — aleee_026
First 150 of 562 actions detected
| 1:29 | Research | Loom |
| 1:29 | Create | Villager (Male) |
| 1:30 | Create | Villager (Male) |
| 1:30 | Create | Villager (Male) |
| 1:31 | Create | Villager (Male) |
| 1:31 | Create | Villager (Male) |
| 1:44 | Build | House |
| 3:14 | Build | Palisade Wall |
| 3:59 | Build | House |
| 4:16 | Create | Villager (Male) |
| 4:16 | Create | Villager (Male) |
| 4:20 | Create | Villager (Male) |
| 4:21 | Create | Villager (Male) |
| 4:58 | Create | Villager (Male) |
| 4:58 | Create | Villager (Male) |
| 4:59 | Create | Villager (Male) |
| 5:32 | Build | Mill |
| 5:42 | Build | House |
| 5:43 | Build | House |
| 5:58 | Create | Villager (Male) |
| 5:58 | Create | Villager (Male) |
| 5:58 | Create | Villager (Male) |
| 6:55 | Build | Outpost |
| 7:04 | Create | Villager (Male) |
| 7:04 | Create | Villager (Male) |
| 7:04 | Create | Villager (Male) |
| 7:51 | Create | Villager (Male) |
| 7:51 | Create | Villager (Male) |
| 7:51 | Create | Villager (Male) |
| 7:52 | Create | Villager (Male) |
| 7:52 | Create | Villager (Male) |
| 7:52 | Create | Villager (Male) |
| 8:48 | Build | Mill |
| 8:53 | Create | Villager (Male) |
| 8:53 | Create | Villager (Male) |
| 8:53 | Create | Villager (Male) |
| 8:54 | Create | Villager (Male) |
| 9:51 | Create | Villager (Male) |
| 9:51 | Create | Villager (Male) |
| 10:19 | Create | Villager (Male) |
| 10:19 | Create | Villager (Male) |
| 10:19 | Create | Villager (Male) |
| 11:51 | Build | Lumber Camp |
| 12:30 | Build | House |
| 12:32 | Build | House |
| 12:34 | Build | House |
| 12:35 | Build | House |
| 12:42 | Research | Feudal Age |
| 14:52 | Build | House |
| 14:52 | Age | Feudal Age |
| 14:55 | Build | House |
| 14:59 | Research | Horse Collar |
| 15:02 | Research | Double-Bit Axe |
| 15:04 | Research | Wheelbarrow |
| 15:04 | Research | Town Watch |
| 15:05 | Create | Villager (Male) |
| 15:05 | Create | Villager (Male) |
| 15:06 | Create | Villager (Male) |
| 15:07 | Create | Villager (Male) |
| 15:59 | Build | Gate |
| 16:45 | Build | Farm |
| 16:46 | Build | Farm |
| 16:48 | Build | Farm |
| 16:50 | Build | Farm |
| 16:51 | Build | Farm |
| 16:54 | Build | Farm |
| 16:56 | Build | Farm |
| 16:57 | Build | Farm |
| 17:02 | Build | Farm |
| 17:23 | Build | Stone Wall |
| 17:48 | Build | House |
| 17:49 | Build | House |
| 17:50 | Build | House |
| 18:00 | Build | Stone Wall |
| 18:05 | Build | Gate |
| 18:12 | Create | Villager (Male) |
| 18:12 | Create | Villager (Male) |
| 18:12 | Create | Villager (Male) |
| 18:13 | Create | Villager (Male) |
| 18:13 | Create | Villager (Male) |
| 18:13 | Create | Villager (Male) |
| 18:14 | Create | Villager (Male) |
| 18:14 | Create | Villager (Male) |
| 18:14 | Create | Villager (Male) |
| 18:15 | Create | Villager (Male) |
| 18:15 | Create | Villager (Male) |
| 18:15 | Create | Villager (Male) |
| 18:16 | Create | Villager (Male) |
| 18:16 | Create | Villager (Male) |
| 19:05 | Build | Mining Camp |
| 19:48 | Build | Dock |
| 20:32 | Build | Outpost |
| 20:44 | Build | Lumber Camp |
| 20:48 | Create | Demolition Raft |
| 20:48 | Create | Demolition Raft |
| 20:51 | Research | Tech 906 |
| 20:59 | Create | Fishing Ship |
| 21:09 | Research | Gold Mining |
| 21:09 | Research | Stone Mining |
| 21:46 | Build | Stone Wall |
| 21:47 | Build | Stone Wall |
| 21:51 | Build | Gate |
| 22:06 | Create | Fishing Ship |
| 22:07 | Create | Fishing Ship |
| 22:29 | Build | Mining Camp |
| 22:48 | Build | Lumber Camp |
| 23:02 | Build | Blacksmith |
| 23:36 | Build | Farm |
| 23:37 | Build | Farm |
| 23:39 | Build | Farm |
| 23:40 | Build | Farm |
| 23:43 | Build | Farm |
| 23:45 | Build | Farm |
| 23:46 | Build | Farm |
| 23:47 | Build | Farm |
| 23:48 | Build | Farm |
| 23:50 | Build | Farm |
| 23:59 | Build | Farm |
| 24:00 | Build | Farm |
| 24:02 | Build | Farm |
| 24:38 | Create | Villager (Male) |
| 24:39 | Create | Villager (Male) |
| 24:40 | Create | Villager (Male) |
| 24:40 | Create | Villager (Male) |
| 24:56 | Create | Villager (Male) |
| 25:15 | Build | Market |
| 26:20 | Build | Farm |
| 26:29 | Build | Farm |
| 26:32 | Build | Farm |
| 26:33 | Build | Farm |
| 26:35 | Build | Farm |
| 26:45 | Research | Castle Age |
| 27:11 | Create | Trade Cart |
| 27:11 | Create | Trade Cart |
| 27:49 | Build | Barracks |
| 29:24 | Age | Castle Age |
| 29:41 | Build | Town Center |
| 29:52 | Research | Bow Saw |
| 29:58 | Create | Villager (Male) |
| 29:58 | Create | Villager (Male) |
| 29:59 | Create | Villager (Male) |
| 30:00 | Create | Villager (Male) |
| 30:00 | Create | Villager (Male) |
| 30:01 | Create | Villager (Male) |
| 30:03 | Create | Villager (Male) |
| 30:04 | Create | Villager (Male) |
| 30:28 | Build | Castle |
| 31:01 | Create | Villager (Male) |
| 31:01 | Create | Villager (Male) |
| 31:01 | Create | Villager (Male) |
Match timeline
| 0:43 | MsR money · wall_segment Palisade Wall x12 |
| 1:09 | MsR money · wall_segment Palisade Wall x8 |
| 1:27 | lothal · wall_segment Palisade Wall x22 |
| 3:14 | aleee_026 · wall_segment Palisade Wall x13 |
| 3:17 | Resid3nt Evil 3 · first_building Donjon |
| 5:08 | MsR money · wall_segment Palisade Wall x13 |
| 5:52 | lothal · wall_segment Palisade Wall x1 |
| 6:27 | MsR money · wall_segment Palisade Wall x13 |
| 7:19 | Resid3nt Evil 3 · wall_segment Palisade Wall x13 |
| 7:51 | MsR money · first_building Dock |
| 8:06 | MsR money · wall_segment Palisade Wall x2 |
| 8:29 | MsR money · wall_segment Palisade Wall x12 |
| 9:04 | ten7728 · first_building Dock |
| 10:38 | ksffvbh · first_building Dock |
| 13:57 | A P · first_building Barracks |
| 14:42 | ten7728 · age_up feudal |
| 14:52 | aleee_026 · age_up feudal |
| 15:03 | MsR money · first_building Barracks |
| 15:09 | A P · age_up feudal |
| 15:37 | ksffvbh · first_building Barracks |
| 15:47 | Resid3nt Evil 3 · wall_segment Stone Wall x17 |
| 15:50 | MsR money · age_up feudal |
| 16:06 | MsR money · first_building Archery Range |
| 16:37 | lothal · age_up feudal |
| 17:17 | A P · wall_segment Stone Wall x16 |
| 17:23 | aleee_026 · wall_segment Stone Wall x1 |
| 18:00 | aleee_026 · wall_segment Stone Wall x7 |
| 18:06 | ksffvbh · age_up feudal |
| 19:48 | aleee_026 · first_building Dock |
| 19:57 | ten7728 · first_building Barracks |
| 21:04 | ten7728 · age_up castle |
| 21:23 | lothal · wall_segment Stone Wall x2 |
| 21:31 | lothal · wall_segment Stone Wall x12 |
| 21:46 | aleee_026 · wall_segment Stone Wall x5 |
| 21:47 | aleee_026 · wall_segment Stone Wall x10 |
| 22:08 | ten7728 · first_building Monastery |
| 22:27 | ksffvbh · age_up castle |
| 22:41 | ten7728 · wall_segment Palisade Wall x4 |
| 23:08 | lothal · wall_segment Stone Wall x17 |
| 24:02 | ten7728 · first_building Archery Range |
| 24:03 | A P · age_up castle |
| 24:34 | lothal · first_building Dock |
| 26:32 | lothal · wall_segment Stone Wall x4 |
| 26:47 | Piet Pistool874 · first_market_buy 500 wood |
| 27:15 | A P · first_building Castle |
| 27:34 | Piet Pistool874 · first_building Castle |
| 27:49 | aleee_026 · first_building Barracks |
| 28:18 | lothal · age_up castle |
| 29:24 | aleee_026 · age_up castle |
| 29:33 | ksffvbh · first_building Castle |
| 29:54 | ten7728 · first_building Castle |
| 30:28 | aleee_026 · first_building Castle |
| 30:39 | ten7728 · wall_segment Palisade Wall x1 |
| 30:43 | lothal · first_building Monastery |
| 32:21 | ksffvbh · first_building Siege Workshop |
| 32:44 | MsR money · age_up castle |
| 33:02 | lothal · first_building Castle |
| 33:27 | aleee_026 · first_building Stable |
| 33:29 | MsR money · first_building Castle |
| 33:31 | ten7728 · first_building Siege Workshop |
| 34:32 | MsR money · first_market_buy 100 stone |
| 35:04 | Resid3nt Evil 3 · first_market_buy 100 food |
| 35:19 | MsR money · first_building Siege Workshop |
| 35:57 | ten7728 · wall_segment Palisade Wall x9 |
| 36:04 | ten7728 · wall_segment Palisade Wall x6 |
| 36:18 | ksffvbh · age_up imperial |
| 36:30 | A P · age_up imperial |
| 37:42 | ten7728 · first_building Stable |
| 37:54 | lothal · age_up imperial |
| 38:42 | Resid3nt Evil 3 · first_building Castle |
| 39:01 | aleee_026 · age_up imperial |
| 39:21 | ten7728 · age_up imperial |
| 40:14 | lothal · first_building Siege Workshop |
| 42:08 | A P · first_building Monastery |
| 45:21 | Resid3nt Evil 3 · first_building Monastery |
| 46:38 | MsR money · first_building Monastery |
| 46:57 | lothal · first_building Barracks |
| 47:01 | ten7728 · wall_segment Palisade Wall x1 |
| 47:18 | ten7728 · wall_segment Palisade Wall x1 |
| 47:53 | Resid3nt Evil 3 · first_building Barracks |
| 48:51 | lothal · first_building Stable |
| 49:47 | Piet Pistool874 · first_building Barracks |
| 50:26 | MsR money · age_up imperial |
| 51:24 | aleee_026 · first_market_buy 100 stone |
| 52:08 | Piet Pistool874 · first_building Archery Range |
| 53:36 | Resid3nt Evil 3 · wall_segment Stone Wall x19 |
| 57:26 | A P · first_market_buy 100 stone |
| 58:02 | ksffvbh · resign |
| 59:04 | Resid3nt Evil 3 · wall_segment Stone Wall x25 |
| 59:20 | Resid3nt Evil 3 · wall_segment Stone Wall x14 |
[ AI ANALYSIS · 1 CREDIT ]
What really happened in this match?
Wolo.gg analyzes every decision: build order, eco, micro, common mistakes by bracket. Personalized analysis on WhatsApp or Discord in 30 seconds.
Civ guide
Britons
Map guide
Black Forest
Perfil
A P